 Dungeon Sprint DCSS version 0.31-a0-848-gaac375c287 (webtiles) character file.

Game seed: 1746790247309406419

11557 sircluck the Brawler (level 11, -1/131 HPs)
             Began as a Troll Berserker on Oct 4, 2023.
             Was a High Priest of Trog.
             Slain by an eight-headed hydra simulacrum (3 damage)
             ... in the Dungeon (Sprint III: "The Ten Rune Challenge").
             The game lasted 00:07:48 (2106 turns).

sircluck the Brawler (Troll Berserker)              Turns: 2106, Time: 00:07:49

Health: -1/131     AC:  5    Str: 31    XL:     11   Next: 50%
Magic:  10/10      EV: 14    Int:  3    God:    Trog [*****.]
Gold:   24         SH:  0    Dex:  9    Spells: 10/10 levels left

rFire   . .          .
                       - Unarmed
rCold   . . .        (no shield)
rNeg    . . .        a - +0 animal skin
rPois   .            (helmet restricted)
rElec   .            i - +0 cloak
rCorr   .            (gloves unavailable)
SInv    .            (boots unavailable)
Will    .....        (no amulet)
Stlth   +            (no ring)
HPRegen 1.21/turn    (no ring)
MPRegen 0.12/turn

%: no teleportation
@: no status effects
A: large, unfitting armour, claws 3, regeneration 1, shaggy fur 1, tough skin 1,
horns 1, talons 1
a: Renounce Religion, Berserk, Trog's Hand, Brothers in Arms


You were in the Dungeon.
You worshipped Trog.
Trog was extremely pleased with you.
You visited 1 branch You collected 24 gold pieces.

Inventory:

Missiles
 r - 5 javelins
 s - 5 atropa-tipped darts
 t - 5 datura-tipped darts
Armour
 a - a +0 animal skin (worn)
 i - a +0 cloak (worn)
Wands
 h - a wand of polymorph (6)
 p - a wand of flame (5)
 u - a wand of iceblast (4)
Scrolls
 k - 2 scrolls of poison {unknown}
 l - 3 scrolls of identify
Potions
 b - a potion of curing
 c - a potion of heal wounds
 d - a potion of haste
 e - 2 potions of magic
 f - a potion of berserk rage
 j - a potion of mutation
 m - 3 potions of enlightenment
 n - a potion of might {unknown}
 o - a potion of lignification {unknown}
Miscellaneous
 q - a phial of floods


   Skills:
 + Level 14.6 Fighting
 + Level 14.4 Dodging
 + Level 16.9 Unarmed Combat


You had 10 spell levels left.
You didn't know any spells.
Your spell library was empty.

Dungeon Overview and Level Annotations

Branches:
Dungeon (1/1)

Altars:
Cheibriados
Dithmenos
Elyvilon
Fedhas
Gozag
Hepliaklqana
Kikubaaqudgha
Makhleb
Nemelex Xobeh
Okawaru
Qazlal
Ru
Sif Muna
Trog
Uskayaw
Vehumet
Wu Jian
Xom
Yredelemnul
Zin
The Shining One
Jiyva
Lugonu

Shops:
D (:!


Innate Abilities, Weirdness & Mutations

You are too large for most types of armour.
You have claws for hands.
Your natural rate of healing is unusually fast.
You are covered in fur. (AC +1)
You have tough skin. (AC +1)
You have a pair of small horns on your head.
You have sharp toenails.


Message History

Unknown command.
Unknown command.
You start resting.
A wolf simulacrum is nearby!
You see here a +1 heavy glaive.
You barely miss the wolf simulacrum. You claw the wolf simulacrum!
The wolf simulacrum is severely damaged.
The wolf simulacrum misses you.
You claw the wolf simulacrum!
The wolf simulacrum vaporises!
Trog accepts your kill.
You start resting.
HP restored.
There is an open door here.
You enter the shallow water.
You see here a +1 heavy glaive.
Why would you want to do that? Why would you want to do that?
There is an open door, spattered with blood here.
Items here: ) [ ÷÷.
You are engulfed in freezing vapours.
You are engulfed in freezing vapours.
You are engulfed in freezing vapours.
A black mamba simulacrum and an eight-headed hydra simulacrum come into view.
Found a large bronze ring and a book of Air.
The eight-headed hydra simulacrum barely misses you.
The eight-headed hydra simulacrum bites you but does no damage.
The eight-headed hydra simulacrum closely misses you.
The eight-headed hydra simulacrum misses you.
The eight-headed hydra simulacrum bites you!
The eight-headed hydra simulacrum freezes you!!
The eight-headed hydra simulacrum bites you.
The eight-headed hydra simulacrum freezes you!!
* * * LOW HITPOINT WARNING * * *
The eight-headed hydra simulacrum bites you.
* * * LOW HITPOINT WARNING * * *
The eight-headed hydra simulacrum freezes you!!
* * * LOW HITPOINT WARNING * * *
The eight-headed hydra simulacrum bites you.
You die...

▓▓▓▓▓▓▓▓▓▓▓▓▓▓▓▓▓#....^..#
)~~........~~~...#.....^.#
♣≈≈≈≈≈≈≈≈≈≈≈≈♣♣P.'.......#
♣♣♣♣♣♣♣♣♣♣♣♣♣♣♣PP#.^...^.#
♣ ♣♣♣##+######
♣♣♣♣♣♣♣♣♣♣♣♣♣♣♣♣♣#
##..##~~~~~≈..#:[#
#.##)#~~~~≈...#ZZ#
.##.##')~~○☼####@#
.##...#~~.....○.☼#
#.##..#≈..)#######
#.#####...#......#
†.##......#♣♣♣._.#
####'###### ##### #.♣♣
#♣.♣ ♣)♣♣


You could see a black mamba simulacrum and an eight-headed hydra simulacrum.

Vanquished Creatures
  2 hydras (D)
  Erolcha (D)
  3 death drakes (D)
  A lindwurm (D)
  A deep elf pyromancer (D)
  2 cane toads (D)
  A komodo dragon (D)
  A rime drake (D)
  2 tyrant leeches (D)
  5 blink frogs (D)
  A spriggan (D)
  A shadow (D)
  5 redbacks (D)
  A spatial vortex (D)
  A hydra simulacrum (D)
  A swamp drake (D)
  7 swamp dragon skeletons (D)
  5 two-headed ogres (D)
  3 wandering mushrooms (D)
  A necrophage (D)
  A water elemental (D)
  An electric eel (D)
  A jelly (D)
  Crazy Yiuf (D)
  Jessica (D)
  A necromancer (D)
  A wizard (D)
  A wolf simulacrum (D)
  3 humans (D)
  A kobold demonologist (D)
  An endoplasm (D)
  2 rats (D)
60 creatures vanquished.

Vanquished Creatures (collateral kills)
  Urug (D)
  A spriggan druid (D)
  A spriggan (D)
3 creatures vanquished.

Grand Total: 63 creatures vanquished

Notes
Turn   | Place    | Note
-------+----------+-------------------------------------------
     0 | D        | sircluck the Troll Berserker began the quest for the Orb.
     0 | D        | Reached XP level 1. HP: 22/22 MP: 0/0
    13 | D        | Noticed Jessica
    17 | D        | Reached ** piety under Trog
    19 | D        | Killed Jessica
    20 | D        | Reached skill level 4 in Unarmed Combat
    20 | D        | Reached XP level 2. HP: 32/32 MP: 1/1
    20 | D        | Reached XP level 3. HP: 39/39 MP: 2/2
    55 | D        | Noticed Crazy Yiuf
    60 | D        | Killed Crazy Yiuf
    60 | D        | Reached *** piety under Trog
    61 | D        | Reached skill level 5 in Unarmed Combat
    61 | D        | Reached XP level 4. HP: 49/49 MP: 3/3
    88 | D        | Gained mutation: You have sharp toenails. [potion of
                  | mutation]
    88 | D        | Gained mutation: You have a pair of small horns on your
                  | head. [potion of mutation]
   106 | D        | Noticed a water elemental
   112 | D        | Killed a water elemental
   113 | D        | Reached skill level 5 in Fighting
   113 | D        | Reached skill level 5 in Dodging
   113 | D        | Reached skill level 6 in Unarmed Combat
   168 | D        | Found a basalt altar of Yredelemnul.
   168 | D        | Found a shadowy altar of Dithmenos.
   168 | D        | Found a sacrificial altar of Ru.
   168 | D        | Noticed a necrophage
   177 | D        | Killed a necrophage
   178 | D        | Reached skill level 7 in Unarmed Combat
   178 | D        | Reached XP level 5. HP: 10/59 MP: 4/4
   180 | D        | Reached **** piety under Trog
   242 | D        | Found a radiant altar of Vehumet.
   242 | D        | Found a shimmering blue altar of Sif Muna.
   242 | D        | Found an ancient bone altar of Kikubaaqudgha.
   253 | D        | Found a glowing silver altar of Zin.
   253 | D        | Found a glowing golden altar of the Shining One.
   253 | D        | Found a white marble altar of Elyvilon.
   254 | D        | Noticed a deep elf pyromancer
   259 | D        | Noticed a fire elemental
   260 | D        | Killed a deep elf pyromancer
   260 | D        | Reached ***** piety under Trog
   261 | D        | Reached skill level 9 in Unarmed Combat
   261 | D        | Reached XP level 6. HP: 57/74 MP: 5/5
   261 | D        | Reached XP level 7. HP: 63/81 MP: 6/6
   283 | D        | Found a hide-covered altar of Uskayaw.
   283 | D        | Found an iron altar of Okawaru.
   283 | D        | Found a bloodstained altar of Trog.
   283 | D        | Found an ornate altar of the Wu Jian Council.
   283 | D        | Noticed a human
   283 | D        | Noticed a human
   295 | D        | Killed a human
   296 | D        | Reached skill level 10 in Unarmed Combat
   301 | D        | Killed a human
   353 | D        | Noticed a shadow
   361 | D        | Reached XP level 8. HP: 79/92 MP: 7/7
   369 | D        | Found a blossoming altar of Fedhas.
   369 | D        | Found a stormy altar of Qazlal.
   369 | D        | Found a snail-covered altar of Cheibriados.
   369 | D        | Found a burning altar of Makhleb.
   369 | D        | Found a shimmering altar of Xom.
   370 | D        | Found a hazy altar of Hepliaklqana.
   370 | D        | Found an opulent altar of Gozag.
   370 | D        | Found a sparkling altar of Nemelex Xobeh.
   370 | D        | Found a corrupted altar of Lugonu.
   370 | D        | Found a viscous altar of Jiyva.
   410 | D        | Reached skill level 11 in Unarmed Combat
   435 | D        | Received a gift from Trog
   481 | D        | Noticed a two-headed ogre
   487 | D        | Killed a two-headed ogre
   488 | D        | Reached skill level 10 in Fighting
   488 | D        | Reached skill level 10 in Dodging
   543 | D        | Noticed Erolcha
   561 | D        | Killed Erolcha
   562 | D        | Reached skill level 12 in Unarmed Combat
   562 | D        | Reached XP level 9. HP: 102/102 MP: 8/8
   619 | D        | Noticed a two-headed ogre
   631 | D        | Killed a two-headed ogre
   632 | D        | Reached skill level 13 in Unarmed Combat
   667 | D        | Noticed a wandering mushroom
   672 | D        | Noticed a wandering mushroom
   674 | D        | Noticed a wandering mushroom
   688 | D        | Killed a wandering mushroom
   693 | D        | Killed a wandering mushroom
   699 | D        | Noticed a cane toad
   699 | D        | Noticed a komodo dragon
   699 | D        | Noticed a cane toad
   703 | D        | Killed a cane toad
   703 | D        | Received a gift from Trog
   703 | D        | Reached ****** piety under Trog
   704 | D        | Killed a cane toad
   705 | D        | Reached XP level 10. HP: 115/115 MP: 9/9
   710 | D        | Reached skill level 14 in Unarmed Combat
   964 | D        | Received a gift from Trog
  1254 | D        | Noticed a lindwurm
  1265 | D        | Killed a lindwurm
  1266 | D        | Reached skill level 15 in Unarmed Combat
  1333 | D        | Noticed Urug
  1340 | D        | Killed Urug
  1407 | D        | Noticed a six-headed hydra
  1407 | D        | Noticed a seven-headed hydra
  1418 | D        | Killed an eight-headed hydra
  1419 | D        | Reached XP level 11. HP: 127/127 MP: 10/10
  1424 | D        | Killed a 12-headed hydra
  1471 | D        | Received a gift from Trog
  1474 | D        | Noticed a death drake
  1479 | D        | Killed a death drake
  1480 | D        | Reached skill level 16 in Unarmed Combat
  1565 | D        | Noticed a death drake
  1568 | D        | Killed a death drake
  1606 | D        | Noticed a death drake
  1616 | D        | Killed a death drake
  1773 | D        | Found Uraut's Antique Weapon Emporium.
  1773 | D        | Found Wagap's Book Shop.
  1786 | D        | Received a gift from Trog
  1796 | D        | Found Leiqemux's Distillery.
  1830 | D        | Found a blossoming altar of Fedhas.
  1830 | D        | Noticed a spriggan druid
  1834 | D        | Killed a spriggan druid
  2106 | D        | HP: 2/131 [eight-headed hydra simulacrum (23)]
  2106 | D        | Slain by an eight-headed hydra simulacrum

Illustrated notes

Levels and vault maps discovered:
D:        dungeon_sprint_mu [sprint_mu_entry_forest, sprint_mu_temple_rooms,
          sprint_mu_d1_spiders, sprint_mu_d2_genie, sprint_mu_d3_branching,
          sprint_mu_orc_legion, sprint_mu_elf_gauntlet, sprint_mu_hive_nellie,
          sprint_mu_lair_fedhas, sprint_mu_vaults_butterflies,
          sprint_mu_slime_circle, sprint_mu_swamp_cave, sprint_mu_snake_twists,
          sprint_mu_blade_basic, sprint_mu_crypt_fortress,
          sprint_mu_tomb_spiral, sprint_mu_vestibule_basic,
          sprint_mu_gehenna_hellfire, sprint_mu_dis_giant,
          sprint_mu_tartarus_statrot, sprint_mu_cocytus_islands, sprint_mu_zot1]

Skill      XL: |  1  2  3  4  5  6  7  8  9 10 11 |
---------------+----------------------------------+-----
Fighting       | 3 4 6 8 9 10 11 13 14 | 14.6
Dodging        | 3 4 5 8 10 11 13 14 | 14.4
Unarmed Combat | 4 5 7 9 10 12 13 15 16 | 16.9

Action                     |  1- 3 |  4- 6 |  7- 9 | 10-12 || total
---------------------------+-------+-------+-------+-------++-------
  Melee: Unarmed           |    17 |    24 |    70 |    94 ||   205
         Punch             |     1 |       |     4 |     4 ||     9
         Headbutt          |       |     5 |    13 |    14 ||    32
         Kick              |       |     3 |    22 |    28 ||    53
 Invoke: Berserk           |       |     1 |     2 |     2 ||     5
         Brothers in Arms  |       |       |     1 |     3 ||     4
    Use: Potion            |       |     1 |       |     1 ||     2
         Scroll            |       |       |       |     1 ||     1
   Stab: Confused          |       |       |       |     2 ||     2
 Armour: Animal skin       |     9 |    13 |    28 |    77 ||   127
  Dodge: Dodged            |     5 |     7 |    33 |    43 ||    88

Table legend: (Time is in decaauts)
 A = Elapsed time spent in this place.
 B = Non-inter-level travel time spent in this place.
 C = Inter-level travel time spent in this place.
 D = Time resting spent in this place.
 E = Time spent auto-exploring this place.
 F = Levels seen in this place.
 G = Mean time per level.
                   A        B        C        D        E       F      G
               +--------+--------+--------+--------+--------+-----+--------+
         Total |   2137 |   2091 |     46 |   1200 |    260 |   1 | 2137.0 |
       Dungeon |   2137 |   2091 |     46 |   1200 |    260 |   1 | 2137.0 |
               +--------+--------+--------+--------+--------+-----+--------+

Top non-repeatable levels by time:
       D: 2137 daAuts
